 Dungeon Crawl Stone Soup version 0.28-a0-1506-g3893175d92 (webtiles) character file.

Game seed: 15868068562151918398

150 tatocazan the Skirmisher (level 5, -10/33 HPs)
             Began as a Gargoyle Fighter on Jan 13, 2022.
             Mangled by an ogre (15 damage)
             ... on level 4 of the Dungeon.
             The game lasted 00:04:34 (3534 turns).

tatocazan the Skirmisher (Gargoyle Fighter)         Turns: 3534, Time: 00:04:35

Health: -10/33     AC: 18    Str: 21    XL:     5   Next: 32%
Magic:  1/1        EV:  8    Int:  9    God:
Gold:   89         SH:  5    Dex: 15    Spells: 4/4 levels left

rFire   . . .      SeeInvis .   f - +0 demon whip (antimagic)
rCold   . . .      Faith    .   c - +0 buckler
rNeg    + . .      Spirit   .   l - +0 chain mail
rPois   ∞          Reflect  .   (no helmet)
rElec   +          Harm     .   e - +0 cloak
rCorr   .          Rampage  .   (no gloves)
Will    .....                   (no boots)
Stlth   ..........              (no amulet)
HPRegen 0.11/turn               t - +6 ring of dexterity
MPRegen 0.07/turn               r - +4 ring of protection

@: attractive
A: sickness immunity, AC +4, negative energy resistance 1, electricity
resistance, torment resistance 1, petrification resistance
a: no special abilities


You were on level 4 of the Dungeon.
You visited 1 branch of the dungeon, and saw 4 of its levels.

You collected 89 gold pieces.

Inventory:

Hand Weapons
 a - a +0 flail
 f - a +0 antimagic demon whip (weapon)
 m - a +1 whip of venom
Armour
 b - a +0 scale mail
 c - a +0 buckler (worn)
 e - a +0 cloak (worn)
 l - a +0 chain mail (worn)
Jewellery
 j - a +4 ring of protection
 n - a ring of positive energy
 r - a +4 ring of protection (right hand)
 t - a +6 ring of dexterity (left hand)
Scrolls
 g - a scroll of identify
 i - a scroll of fog
 k - a scroll of immolation
Potions
 d - a potion of might
 q - 2 potions of cancellation
 u - 2 potions of degeneration {unknown}


   Skills:
 + Level 4.1 Fighting
 * Level 3.6 Maces & Flails
 + Level 4.1 Armour
 + Level 1.3 Dodging
 - Level 3.4 Shields


You had 4 spell levels left.
You didn't know any spells.
Your spell library contained the following spells:

 Spells                   Type           Power      Damage    Failure   Level
 Magic Dart               Conj           0%         1d3       99%         1
 Searing Ray              Conj           0%         2d4       100%        2
 Fulminant Prism          Conj/Hex       0%         3d6       100%        4


Dungeon Overview and Level Annotations

Branches:
Dungeon (4/15)
 Temple: D:4-7

Altars:
Uskayaw


Innate Abilities, Weirdness & Mutations

You are immune to sickness and miasma.
Your stone body is resilient. (AC +4)
You are immune to poison.
You resist negative energy. (rN+)
You are resistant to electric shocks. (rElec)
You are resistant to unholy torment.
You are immune to petrification.


Message History

The endoplasm is almost dead.
The orc misses you. The endoplasm freezes you.
You are frozen.
The ogre barely misses you. The goblin barely misses you.
You take 3 damage, and have 11/33 hp.
The orc hits you but does no damage.
The goblin throws a stone.
The stone closely misses you. The endoplasm freezes you.
You are frozen.
* * * LOW HITPOINT WARNING * * *
You see here a +0 club.
You take 4 damage, and have 7/33 hp.
You block the orc's attack. The endoplasm freezes you.
You are frozen.
* * * LOW HITPOINT WARNING * * *
You see here a hound corpse.
You take 1 damage, and have 6/33 hp.
Found a metallic purple potion and a club.
The orc hits you but does no damage. x2
You block the orc's attack. The orc closely misses you.
The endoplasm freezes you.
You are frozen.
* * * LOW HITPOINT WARNING * * *
You take 4 damage, and have 2/33 hp.
It was a potion of curing.
You feel better. The ogre closely misses you.
The orc hits you but does no damage. The orc closely misses you.
The endoplasm barely misses you.
You regained 9 hp, and now have 11/33 hp.
The iguana hisses angrily.
The orc hits you but does no damage.
The orc hits you from afar with a +0 trident.
* * * LOW HITPOINT WARNING * * *
You block the goblin's attack.
You take 6 damage, and have 5/33 hp.
It was a potion of attraction.
You feel attractive to monsters. The orc hits you but does no damage.
You block the orc's attack. The ogre hits you with a +0 giant club!
You die...

......#.##.............
g....#### ............
..#.. ........#..##
#l##. .......#...## .
.......#....# ...
#.......)##
....#....o.†..###
#.....goJ......#
#.....@O#......#
#.!...####.....# ##)...
#..#.## #..... ######
....... ##..... .......
.......


You could see an ogre, 2 orcs, an endoplasm and a goblin.

Vanquished Creatures
  A hound (D:4)
  2 gnolls
  5 adders
  A worm (D:2)
  A dart slug (D:1)
  2 ball pythons (D:1)
  5 endoplasms
  3 giant cockroaches (D:2)
  6 goblins
  5 hobgoblins
  A jackal (D:2)
  3 quokkas
  A frilled lizard (D:2)
  9 kobolds
  9 rats
54 creatures vanquished.

Notes
Turn   | Place    | Note
-------+----------+-------------------------------------------
     0 | D:1      | tatocazan the Gargoyle Fighter began the quest for the Orb.
     0 | D:1      | Reached XP level 1. HP: 14/14 MP: 1/1
   196 | D:1      | Reached XP level 2. HP: 19/19 MP: 0/2
  1058 | D:2      | Reached XP level 3. HP: 23/23 MP: 3/3
  1612 | D:2      | Reached XP level 4. HP: 29/29 MP: 1/4
  1951 | D:2      | Reached skill level 1 in Dodging
  2981 | D:3      | Noticed a +0 hand axe
  2981 | D:3      | Noticed a +0 dagger
  2984 | D:3      | Found a hide-covered altar of Uskayaw.
  3197 | D:3      | Reached XP level 5. HP: 26/33 MP: 1/5
  3471 | D:4      | Noticed an ogre
  3534 | D:4      | Mangled by an ogre

Illustrated notes

Levels and vault maps discovered:
D:1:      lemuel_arrival_river_ford, layout_loops_cross,
          minmay_tree_intersection, corexii_hall_statues_u
D:2:      minmay_wonky_spiral, layout_basic, serial_co_window_serial,
          co_window_corner_a, co_window_corner_a, co_window_corner_a,
          co_window_paths_b, co_window_paths_a, co_window_paths_a,
          co_window_paths_b, co_window_of_opportunity_a,
          co_window_of_opportunity_a, co_window_paths_c, co_window_2corner,
          co_window_of_opportunity_b, co_window_2corner, co_window_broadway_c,
          co_window_4corner_b, minmay_crystal_water
D:3:      layout_basic, dancing_weapons_uskayaw
D:4:      layout_cave_pools, grunt_decor_one_mirror, uniq_pikel, uniq_grinder,
          uniq_natasha

Skill      XL: |  1  2  3  4 |
---------------+-------------+-----
Maces & Flails | 3 |  3.6
Dodging        | 1 |  1.3
Fighting       | 4 |  4.1
Armour         | 4 |  4.1
Shields        | |  3.4

Action                   |  1- 3 |  4- 6 || total
-------------------------+-------+-------++-------
Melee: Demon whip        |    76 |    69 ||   145
       Flail             |     8 |       ||     8
       Whip              |     9 |       ||     9
  Use: Scroll            |       |     7 ||     7
       Potion            |       |     2 ||     2
Armor: Scale mail        |    44 |    11 ||    55
       Chain mail        |       |    25 ||    25
Dodge: Dodged            |    25 |    26 ||    51
Block: Buckler           |    14 |    15 ||    29

Table legend: (Time is in decaauts)
 A = Elapsed time spent in this place.
 B = Non-inter-level travel time spent in this place.
 C = Inter-level travel time spent in this place.
 D = Time resting spent in this place.
 E = Time spent auto-exploring this place.
 F = Levels seen in this place.
 G = Mean time per level.
                   A        B        C        D        E       F      G
               +--------+--------+--------+--------+--------+-----+--------+
         Total |   3543 |   3418 |    125 |    452 |   2491 |   4 |  885.8 |
       Dungeon |   3543 |   3418 |    125 |    452 |   2491 |   4 |  885.8 |
               +--------+--------+--------+--------+--------+-----+--------+

Top non-repeatable levels by time:
     D:2: 1308 daAuts
     D:3: 1153 daAuts
     D:1: 1058 daAuts
     D:4: 24 daAuts
